Map: Apotheosis LE

Players

Fropez

  • Race: Protoss Protoss
  • League: Gold
  • Spawn Location: 11:00

IAMBEACH - Winner!

  • Race: Protoss Protoss
  • League: Gold
  • Spawn Location: 5:00

VOD

Have the link to the VOD?

Description

Time

  • Played on: Oct. 7, 2016, 11:01 a.m.
  • Length: 4:48
Show
View Real Time Build Order
Export as new Build Order

Fropez Protoss 

Build Orders: 1 Gate Expand 

Get SALT Encoding   

  12  0:01  Probe (Chrono Boost)  
  13  0:15  Pylon  
  13  0:20  Probe (Chrono Boost)  
  14  0:30  Probe (Chrono Boost)  
  15  0:36  Gateway  
  15  0:41  Probe (Chrono Boost)  
  16  0:48  Assimilator  
  16  0:52  Probe (Chrono Boost)  
  17  1:02  Pylon, Probe (Chrono Boost)  
  18  1:13  Probe (Chrono Boost)  
  19  1:36  Probe (Chrono Boost)  
  19  1:38  Nexus  
  20  1:41  Assimilator  
  20  1:47  Probe (Chrono Boost)  
  21  1:53  Pylon  
  21  1:57  Probe (Chrono Boost)  
  22  2:07  Cybernetics Core  
  22  2:19  Gateway  
  22  2:21  Probe (Chrono Boost)  
  23  2:32  Probe (Chrono Boost)  
  24  2:40  Gateway  
  26  2:44  Mothership Core (Chrono Boost)  
  26  2:45  Warp Gate (Chrono Boost)  
  26  2:51  Probe (Chrono Boost)  
  26  2:55  Adept  
  29  3:04  Pylon  
  29  3:07  Probe  
  29  3:12  Probe  
  30  3:14  Pylon  
  30  3:19  Probe  
  31  3:22  Adept  
  33  3:28  Adept  
  35  3:37  Pylon  
  35  3:40  Probe  
  36  3:48  Adept  
  38  4:06  Probe  
  38  4:08  Probe  
  40  4:19  Probe  
  40  4:21  Probe  
  42  4:36  Gateway  
  40  4:40  Gateway  
  40  4:44  Gateway  
  27  4:46  Twilight Council  
  27  4:47  Pylon  
Show
View Real Time Build Order
Export as new Build Order

IAMBEACH Protoss - Winner!

Build Orders: Dark Templar Rush 

Get SALT Encoding   

  12  0:01  Probe (Chrono Boost)  
  13  0:11  Probe (Chrono Boost)  
  14  0:18  Pylon  
  14  0:22  Probe (Chrono Boost)  
  15  0:30  Assimilator  
  15  0:41  Gateway  
  15  0:49  Probe (Chrono Boost)  
  16  0:57  Assimilator  
  16  1:00  Probe (Chrono Boost)  
  17  1:15  Gateway  
  17  1:31  Cybernetics Core  
  17  1:33  Probe (Chrono Boost)  
  18  1:44  Pylon  
  18  1:49  Probe (Chrono Boost)  
  19  2:00  Probe (Chrono Boost)  
  20  2:10  Probe (Chrono Boost)  
  21  2:15  Twilight Council  
  21  2:18  Warp Gate (Chrono Boost)  
  21  2:29  Stalker  
  23  2:39  Stalker  
  25  2:54  Dark Shrine  
  25  3:04  Gateway  
  25  3:20  Gateway  
  25  3:27  Probe  
  26  3:37  Pylon  
  26  3:39  Probe  
  25  4:19  Dark Templar  
  25  4:20  Dark Templar x3  
Tags
 
League
GoldGold
Matchup
PvP
Replay Pack
All Mines
Spawn Locations
Cross Positions
Add a new tag
Caveats
  • Supply blocks, unpowered buildings, or Contaminate may cause inaccurate times.
  • Supply counts are checked every 10 seconds.